 Dungeon Sprint DCSS version 0.28-a0-919-g0b5b508569 (webtiles) character file.

Game seed: 17455446023182234006

6118 SmokeWeed the Fencer (level 10, -4/97 HPs)
             Began as a Minotaur Gladiator on Nov 26, 2021.
             Was a High Priest of Okawaru.
             Slain by a 13-headed hydra (9 damage)
             ... in the Dungeon (Sprint IX: "|||||||||||||||||||||||||||||").
             The game lasted 00:07:01 (987 turns).

SmokeWeed the Fencer (Minotaur Gladiator)            Turns: 987, Time: 00:07:02

Health: -4/97      AC: 14    Str: 22    XL:     10   Next: 59%
Magic:  2/11       EV: 22    Int:  5    God:    Okawaru [*****.]
Gold:   0          SH:  6    Dex: 15    Spells: 9/9 levels left

rFire   . . .      SeeInvis .   m - +2 scimitar (vorpal)
rCold   . . .      Faith    .   b - +0 buckler
rNeg    . . .      Spirit   .   p - +2 ring mail
rPois   .          Reflect  .   c - +0 hat
rElec   .          Harm     .   (no cloak)
rCorr   .          Rampage  .   o - +0 pair of gloves
Will    .....      NoTele   +   n - +0 pair of boots
Stlth   ++++......              (no amulet)
HPRegen 0.26/turn               q - +2 ring of evasion
MPRegen 0.12/turn               r - +3 ring of dexterity

@: heroic
A: horns 2, retaliatory headbutt
a: Renounce Religion, Heroism, Finesse


You were in the Dungeon.
You worshipped Okawaru.
Okawaru was extremely pleased with you.
You visited 1 branch

Inventory:

Hand Weapons
 m - a +2 vorpal scimitar (weapon)
Missiles
 a - 3 poisoned darts (quivered)
Armour
 b - a +0 buckler (worn)
 c - a +0 hat (worn)
 n - a +0 pair of boots (worn)
 o - a +0 pair of gloves (worn)
 p - a +2 ring mail (worn)
Jewellery
 q - a +2 ring of evasion (left hand)
 r - a +3 ring of dexterity (right hand)
Wands
 l - a wand of iceblast (10)
Scrolls
 j - 2 scrolls of blinking
 k - 2 scrolls of amnesia
 t - 2 scrolls of fear
 u - 2 scrolls of fog
 v - a scroll of identify
Potions
 e - 6 potions of curing
 f - 4 potions of heal wounds
 g - a potion of berserk rage
 h - 4 potions of magic
 i - a potion of might
 s - a potion of ambrosia


   Skills:
 + Level 11.9(16.9) Fighting
 + Level 17.5(22.5) Long Blades
 + Level 6.9(11.9) Throwing
 + Level 11.5(16.5) Armour
 + Level 13.1(18.1) Dodging
 + Level 7.0(12.0) Stealth
 + Level 3.5(8.5) Shields
 + Level 3.4 Invocations


You had 9 spell levels left.
You didn't know any spells.
Your spell library contained the following spells:

 Spells                   Type           Power      Damage    Failure   Level
 Storm Form               Tmut/Air       0%         N/A       100%        7
 Haunt                    Necr/Summ      Unusable   N/A       N/A         7
 Monstrous Menagerie      Summ           Unusable   N/A       N/A         7

Dungeon Overview and Level Annotations

Branches:
Dungeon (1/1)

Altars:
Cheibriados
Dithmenos
Elyvilon
Fedhas
Gozag
Hepliaklqana
Kikubaaqudgha
Makhleb
Nemelex Xobeh
Okawaru
Qazlal
Ru
Sif Muna
Trog
Uskayaw
Vehumet
Wu Jian
Xom
Yredelemnul
Zin
The Shining One
Beogh
Jiyva
Lugonu


Innate Abilities, Weirdness & Mutations

You have a pair of horns on your head.
You reflexively headbutt those who attack you in melee.


Message History

The ten-headed hydra misses you. The ten-headed hydra bites you. x2
The ten-headed hydra bites you but does no damage.
You hack one of the ten-headed hydra's heads off!
The nine-headed hydra grows two more!
You slice the 11-headed hydra!!
Your headbutt misses the 11-headed hydra.
The 11-headed hydra is severely wounded.
The 11-headed hydra bites you but does no damage.
The 11-headed hydra bites you!
* * * LOW HITPOINT WARNING * * *
The 11-headed hydra bites you.
* * * LOW HITPOINT WARNING * * *
The 11-headed hydra bites you but does no damage.
The 11-headed hydra barely misses you.
The 11-headed hydra bites you but does no damage.
The 11-headed hydra misses you. The 11-headed hydra barely misses you.
The 11-headed hydra misses you. The 11-headed hydra bites you.
* * * LOW HITPOINT WARNING * * *
You block the 11-headed hydra's attack.
You lop one of the 11-headed hydra's heads off!
The ten-headed hydra grows two more!
You slash the 12-headed hydra! You headbutt the 12-headed hydra.
The 12-headed hydra is severely wounded.
Unknown command.
You slice one of the 12-headed hydra's heads off!
The 11-headed hydra grows two more!
You slice the 13-headed hydra!!
The 13-headed hydra is almost dead.
The 13-headed hydra closely misses you. You furiously retaliate!
You headbutt the 13-headed hydra. The 13-headed hydra closely misses you.
You block the 13-headed hydra's attack.
The 13-headed hydra completely misses you. x2
You block the 13-headed hydra's attack. The 13-headed hydra bites you.
* * * LOW HITPOINT WARNING * * *
The 13-headed hydra completely misses you.
The 13-headed hydra bites you.
* * * LOW HITPOINT WARNING * * *
The 13-headed hydra completely misses you.
The 13-headed hydra bites you.
* * * LOW HITPOINT WARNING * * *
The 13-headed hydra bites you!
You die...

▓▓▓▓▓▓▓▓▓▓▓▓▓▓▓▓▓▓▓▓▓▓▓▓▓▓▓▓▓▓▓▓▓
'÷÷...))....'____________________
▓▓▓▓▓▓▓▓▓▓▓▓▓▓▓▓▓▓▓▓▓▓▓▓▓▓▓▓▓▓▓▓▓
.................................
▓▓▓▓▓▓▓▓▓▓▓▓▓▓▓▓▓▓▓▓▓▓▓▓▓▓▓▓▓▓▓▓▓
...'.....[......@DD(†......'††...
▓▓▓▓▓▓▓▓▓▓▓▓▓▓▓▓▓▓▓▓▓▓▓▓▓▓▓▓▓▓▓▓▓


You could see a 13-headed hydra and a four-headed hydra.

Vanquished Creatures
  2 hydras (D)
  A catoblepas (D)
  An elephant (D)
  A torpor snail (D)
  A cane toad (D)
  A black mamba (D)
  2 komodo dragons (D)
  A tengu conjurer (D)
  A hornet (D)
  A polar bear (D)
  2 blink frogs (D)
  A slime creature (D)
  3 wraiths (D)
  2 water moccasins (D)
  2 ogres (D)
  2 wolves (D)
  A kobold brigand (D)
  A bullfrog (D)
  A scorpion (D)
  An orc priest (D)
  An orc wizard (D)
  An ufetubus (D)
  3 ball pythons (D)
  2 bats (D)
  A bat zombie (D)
  A ball python zombie (D)
37 creatures vanquished.

Vanquished Creatures (others)
  A gargoyle (D)
1 creature vanquished.

Grand Total: 38 creatures vanquished

Notes
Turn   | Place    | Note
-------+----------+-------------------------------------------
     0 | D        | SmokeWeed the Minotaur Gladiator began the quest for the
                  | Orb.
     0 | D        | Reached XP level 1. HP: 18/18 MP: 0/0
     5 | D        | Reached skill level 4 in Long Blades
    34 | D        | Noticed an ogre
    34 | D        | Noticed an orc priest
    34 | D        | Noticed a scorpion
    34 | D        | Noticed an ogre
    37 | D        | Killed an ogre
    38 | D        | Reached skill level 7 in Long Blades
    38 | D        | Reached XP level 2. HP: 11/27 MP: 1/1
    38 | D        | Reached XP level 3. HP: 14/33 MP: 2/2
    38 | D        | Reached XP level 4. HP: 17/40 MP: 3/3
    39 | D        | Reached skill level 8 in Long Blades
    44 | D        | Killed a scorpion
    45 | D        | Reached skill level 9 in Long Blades
    45 | D        | Reached skill level 1 in Armour
    45 | D        | Reached XP level 5. HP: 21/47 MP: 4/4
    46 | D        | Killed an ogre
    47 | D        | Reached skill level 5 in Fighting
    47 | D        | Reached skill level 10 in Long Blades
    47 | D        | Reached XP level 6. HP: 26/56 MP: 5/5
   260 | D        | Found a snail-covered altar of Cheibriados.
   260 | D        | Found a shadowy altar of Dithmenos.
   260 | D        | Found a white marble altar of Elyvilon.
   260 | D        | Found a blossoming altar of Fedhas.
   260 | D        | Found an opulent altar of Gozag.
   261 | D        | Found a hazy altar of Hepliaklqana.
   262 | D        | Found a viscous altar of Jiyva.
   263 | D        | Found an ancient bone altar of Kikubaaqudgha.
   264 | D        | Found a corrupted altar of Lugonu.
   265 | D        | Found a burning altar of Makhleb.
   266 | D        | Found a sparkling altar of Nemelex Xobeh.
   267 | D        | Found an iron altar of Okawaru.
   268 | D        | Found a stormy altar of Qazlal.
   269 | D        | Found a sacrificial altar of Ru.
   270 | D        | Found a shimmering blue altar of Sif Muna.
   271 | D        | Found a bloodstained altar of Trog.
   272 | D        | Found a hide-covered altar of Uskayaw.
   273 | D        | Found a radiant altar of Vehumet.
   274 | D        | Found an ornate altar of the Wu Jian Council.
   275 | D        | Found a shimmering altar of Xom.
   277 | D        | Became a worshipper of Warmaster Okawaru
   279 | D        | Found a basalt altar of Yredelemnul.
   280 | D        | Found a glowing silver altar of Zin.
   281 | D        | Found a glowing golden altar of the Shining One.
   335 | D        | Noticed a wraith
   335 | D        | Noticed a hornet
   335 | D        | Noticed a wraith
   344 | D        | Killed a wraith
   345 | D        | Reached skill level 11 in Long Blades
   345 | D        | Reached skill level 5 in Throwing
   354 | D        | Killed a hornet
   355 | D        | Reached skill level 12 in Long Blades
   355 | D        | Reached skill level 10 in Dodging
   355 | D        | Reached XP level 7. HP: 60/64 MP: 6/6
   358 | D        | Reached skill level 13 in Long Blades
   358 | D        | Reached skill level 1 in Stealth
   364 | D        | Killed a wraith
   364 | D        | Reached * piety under Okawaru
   373 | D        | Noticed a wraith
   373 | D        | Noticed a gargoyle
   373 | D        | Noticed a catoblepas
   373 | D        | Noticed a tengu conjurer
   373 | D        | Noticed a slime creature
   376 | D        | Killed a wraith
   377 | D        | Reached skill level 14 in Long Blades
   390 | D        | Killed a gargoyle
   391 | D        | Reached XP level 8. HP: 12/73 MP: 5/7
   394 | D        | Killed a tengu conjurer
   394 | D        | Reached ** piety under Okawaru
   395 | D        | Reached skill level 5 in Armour
   400 | D        | Killed a catoblepas
   400 | D        | Reached *** piety under Okawaru
   401 | D        | Reached skill level 15 in Long Blades
   404 | D        | Killed a slime creature
   405 | D        | Reached XP level 9. HP: 28/81 MP: 6/8
   763 | D        | Got The Volume of Greatest Risks and Utility
   777 | D        | Noticed a cane toad
   777 | D        | Noticed a black mamba
   778 | D        | Noticed a polar bear
   781 | D        | Killed a cane toad
   782 | D        | Reached skill level 16 in Long Blades
   783 | D        | Noticed a komodo dragon
   787 | D        | Reached skill level 5 in Stealth
   787 | D        | Noticed a komodo dragon
   794 | D        | Killed a black mamba
   794 | D        | Reached **** piety under Okawaru
   801 | D        | Killed a polar bear
   804 | D        | Killed a komodo dragon
   809 | D        | Killed a komodo dragon
   810 | D        | Reached skill level 10 in Fighting
   810 | D        | Reached skill level 17 in Long Blades
   810 | D        | Reached skill level 10 in Armour
   810 | D        | Reached skill level 1 in Shields
   810 | D        | Reached skill level 1 in Invocations
   930 | D        | Noticed a torpor snail
   930 | D        | Noticed a six-headed hydra
   930 | D        | Noticed an eight-headed hydra
   930 | D        | Noticed an elephant
   931 | D        | Noticed an eight-headed hydra
   937 | D        | Reached XP level 10. HP: 93/93 MP: 2/9
   940 | D        | Noticed a four-headed hydra
   943 | D        | Killed a torpor snail
   952 | D        | Killed a 13-headed hydra
   957 | D        | Killed a 12-headed hydra
   957 | D        | Reached ***** piety under Okawaru
   981 | D        | Killed an elephant
   987 | D        | Slain by a 13-headed hydra

Illustrated notes

Levels and vault maps discovered:
D:        linesprint [early_d, line_temple, items_1, d_10, items_2, lair_1,
          lair_end, items_3, orc_1, orc_end, items_4, d_15, swamp_1, shoals_1,
          snake_1, spider_1, d_20, vaults_1, items_5, swamp_end, shoals_end,
          snake_end, spider_end, vaults_end, d_27, items_6, zot_1, zot_end,
          crypt_end, forest_end, elf_end, slime_end, tomb_end, abyss_end,
          pan_hell_end]

Skill      XL: |  1  2  3  4  5  6  7  8  9 10 |
---------------+-------------------------------+-----
Long Blades    | 7 9 10 12 14 15 17 | 17.5
Dodging        | 6 7 8 10 11 12 13 | 13.1
Fighting       | 3 4 5 6 7 8 10 11 | 11.9
Throwing       | 3 4 5 6 |  6.9
Armour         | 1 3 4 7 10 11 | 11.5
Stealth        | 2 4 6 7 |  7.0
Shields        | 1 3 |  3.5
Invocations    | 1 3 |  3.4

Action                   |  1- 3 |  4- 6 |  7- 9 | 10-12 || total
-------------------------+-------+-------+-------+-------++-------
Melee: Long sword        |     6 |     8 |       |       ||    14
       Headbutt          |     2 |     2 |    17 |    10 ||    31
       Scimitar          |       |    18 |    62 |    32 ||   112
Throw: Throwing net      |     1 |       |     1 |     2 ||     4
Invok: Heroism           |       |       |     4 |     2 ||     6
       Finesse           |       |       |     1 |       ||     1
  Use: Potion            |     1 |     1 |     2 |     2 ||     6
 Stab: Invisible         |       |     1 |     3 |       ||     4
       Petrified         |       |       |     2 |       ||     2
Armor: Leather armour    |     3 |       |       |       ||     3
       Ring mail         |       |     1 |     8 |    24 ||    33
Dodge: Dodged            |     3 |    24 |    34 |    57 ||   118
Block: Buckler           |       |       |     4 |    25 ||    29

Table legend: (Time is in decaauts)
 A = Elapsed time spent in this place.
 B = Non-inter-level travel time spent in this place.
 C = Inter-level travel time spent in this place.
 D = Time resting spent in this place.
 E = Time spent auto-exploring this place.
 F = Levels seen in this place.
 G = Mean time per level.
                   A        B        C        D        E       F      G
               +--------+--------+--------+--------+--------+-----+--------+
         Total |    949 |    949 |      0 |    574 |      0 |   1 |  949.0 |
       Dungeon |    949 |    949 |      0 |    574 |      0 |   1 |  949.0 |
               +--------+--------+--------+--------+--------+-----+--------+

Top non-repeatable levels by time:
       D: 949 daAuts
